Map: Ruines de Seras

Players

Phantom

  • Race: Terran Terran
  • League: Platinum

Worming - Winner!

  • Race: Zerg Zerg
  • League: Diamond

VOD

Have the link to the VOD?

Description

Time

  • Played on: Nov. 15, 2015, 8:10 a.m.
  • Length: 9:46
Show
View Real Time Build Order
Export as new Build Order

Phantom Terran 

Build Orders: Command Center First (CC) 

Get SALT Encoding   

  12  0:01  SCV  
  13  0:13  SCV  
  14  0:19  Supply Depot  
  14  0:25  SCV  
  15  0:41  SCV  
  16  0:53  SCV  
  17  1:02  Command Center  
  17  1:05  SCV  
  18  1:17  SCV  
  19  1:21  Barracks  
  19  1:29  SCV  
  19  1:30  Refinery  
  20  1:33  Refinery  
  20  1:41  SCV  
  21  1:53  SCV  
  22  2:14  Marine  
  22  2:15  Orbital Command  
  23  2:19  Orbital Command, Factory  
  23  2:32  Barracks Reactor  
  23  2:35  Orbital Command  
  23  2:47  SCV  
  24  2:57  Bunker  
  24  3:03  Starport  
  26  3:20  Hellion x2, Marine  
  26  3:23  SCV  
  26  3:25  SCV  
  30  3:31  Supply Depot  
  30  3:33  Armory  
  30  3:35  SCV  
  30  3:37  SCV  
  34  3:41  Hellion x2  
  34  3:48  SCV  
  37  3:50  SCV  
  38  3:55  Marine  
  38  3:56  Medivac  
  38  4:00  SCV  
  45  4:02  SCV  
  45  4:03  Hellion  
  45  4:11  Hellion  
  45  4:12  SCV  
  46  4:18  Supply Depot  
  46  4:21  Supply Depot  
  46  4:39  Medivac, Hellion x2, SCV, Marine  
  46  4:41  Supply Depot  
  46  4:43  SCV  
  55  4:47  Supply Depot  
  51  4:57  Marine, SCV x2  
  54  5:01  Hellion x2  
  58  5:09  Medivac, SCV  
  60  5:15  Marine  
  61  5:32  Marine  
  58  5:50  Marine  
  58  5:54  SCV  
  58  5:55  SCV  
  56  6:04  Hellion  
  56  6:05  Hellion  
  56  6:07  SCV x2  
  56  6:08  Marine  
  63  6:12  Supply Depot  
  63  6:13  Bunker, Supply Depot  
  63  6:14  Supply Depot  
  59  6:19  SCV x2  
  59  6:22  Supply Depot  
  61  6:26  Hellion, Marine  
  61  6:28  Supply Depot  
  61  6:30  Engineering Bay  
  61  6:31  SCV x2  
  66  6:37  Supply Depot  
  66  6:43  SCV x2  
  69  6:53  Barracks x2  
  69  6:54  Starport Reactor, Barracks  
  69  6:55  Barracks Tech Lab, Engineering Bay, SCV x2  
  69  6:56  Widow Mine x2  
  74  7:03  Refinery  
  74  7:04  Refinery  
  74  7:07  SCV  
  74  7:08  SCV  
  76  7:11  Command Center  
  74  7:24  Widow Mine  
  74  7:25  Widow Mine  
  76  7:41  Marine  
  76  7:42  Medivac x2  
  76  7:44  Marine x3  
  79  7:59  Marine  
  79  8:01  Liberator x2  
  82  8:12  Barracks Reactor  
  82  8:13  Barracks Tech Lab  
  82  8:15  Barracks Reactor  
  82  8:17  Marine  
  83  8:31  Widow Mine  
  83  8:32  Widow Mine  
  86  8:34  Marine  
  86  8:39  Missile Turret, Marine  
  88  8:43  Liberator  
  88  8:45  Engineering Bay  
  87  8:49  Marine  
  87  8:51  Marine  
  87  8:52  Marine x3  
  92  8:57  Marine  
  92  9:00  Widow Mine x2  
  88  9:10  Marine  
  74  9:32  SCV x2  
Show
View Real Time Build Order
Export as new Build Order

Worming Zerg - Winner!

Build Orders: Hatch First, Lurkers 

Get SALT Encoding   

  12  0:01  Drone  
  13  0:13  Overlord  
  13  0:18  Drone  
  14  0:31  Drone x2  
  16  0:37  Drone  
  17  0:56  Hatchery  
  16  1:08  Spawning Pool  
  16  1:11  Drone  
  16  1:14  Drone  
  16  1:18  Drone  
  18  1:23  Drone  
  19  1:28  Extractor  
  18  1:33  Drone  
  19  1:46  Overlord  
  19  1:54  Queen  
  19  1:55  Zergling x2  
  22  2:05  Drone  
  23  2:09  Queen  
  23  2:11  Drone  
  26  2:20  Drone x2  
  28  2:28  Drone  
  29  2:30  Queen  
  29  2:33  Metabolic Boost  
  31  2:40  Drone x2  
  33  2:54  Overlord  
  34  2:58  Zergling x4  
  34  3:04  Baneling Nest  
  34  3:17  Zergling x8  
  38  3:26  Drone x6  
  44  3:32  Lair  
  44  3:33  Roach Warren  
  43  3:37  Extractor  
  43  3:38  Drone x2  
  44  3:43  Overlord  
  42  3:59  Drone  
  42  4:01  Drone x4  
  42  4:02  Drone x2  
  46  4:15  Roach x2  
  48  4:17  Extractor  
  47  4:26  Drone  
  47  4:29  Hatchery  
  47  4:31  Spine Crawler  
  46  4:32  Drone  
  47  4:39  Glial Reconstitution  
  47  4:40  Hydralisk Den  
  47  4:42  Roach x2  
  50  4:59  Drone x2  
  52  5:04  Overlord  
  52  5:05  Overlord x2  
  52  5:08  Extractor  
  52  5:10  Lurker Den  
  51  5:17  Zergling x2, Roach x2  
  52  5:24  Hydralisk x3  
  58  5:41  Zergling x6, Roach x3  
  60  5:54  Roach x2  
  57  5:57  Queen  
  57  6:02  Drone x3  
  61  6:04  Queen  
  62  6:18  Drone x2  
  62  6:19  Drone x4  
  68  6:43  Ravager x3  
  68  6:44  Ravager  
  72  6:49  Muscular Augments  
  72  6:50  Drone x2  
  72  6:51  Overlord x3  
  74  6:56  Pneumatized Carapace  
  74  6:57  Evolution Chamber x2  
  74  6:58  Overseer  
  70  7:25  Extractor x2  
  70  7:27  Drone  
  70  7:28  Drone x4  
  70  7:29  Drone  
  74  7:30  Drone x3  
  77  7:41  Overlord x2  
  77  7:42  Roach, Hydralisk x2  
  77  7:43  Roach x2, Hydralisk  
  84  8:07  Roach x3, Hydralisk  
  84  8:08  Roach x2  
  96  8:32  Lurker x2  
  96  8:33  Lurker x2  
  100  8:34  Hatchery  
  100  8:38  Drone x6  
  100  8:39  Overlord x3  
  100  8:41  Roach x4  
  107  8:43  Overlord x2  
  106  9:26  Roach x3  
  106  9:27  Roach x3  
  125  9:40  Ravager  
  125  9:41  Ravager x5  
Tags
 
Add a new tag
Caveats
  • Supply blocks, unpowered buildings, or Contaminate may cause inaccurate times.
  • Supply counts are checked every 10 seconds.